 Dungeon Crawl Stone Soup version 0.26.1-11-gd32895ea62 (webtiles) character file.

Game seed: 5742863564834308009

213 Tirrikindir the Cutter (level 6, 39/39 HPs)
             Began as a Halfling Warper on June 3, 2021.
             Was a Follower of Ru.
             Got out of the dungeon alive.
             The game lasted 00:10:33 (3620 turns).

Tirrikindir the Cutter (Halfling Warper)            Turns: 3620, Time: 00:10:34

Health: 39/39      AC:  6    Str: 12    XL:     6   Next: 14%
Magic:  9/9        EV: 15    Int: 11    God:    Ru [*.....]
Gold:   161        SH:  0    Dex: 16    Spells: 7/9 levels left

rFire    . . .     SeeInvis .   o - +1 dagger (freeze)
rCold    . . .     Faith    .   (shield restricted)
rNeg     . . .     Spirit   .   b - +0 leather armour
rPois    .         Reflect  .   v - +0 helmet
rElec    .         Harm     .   (no cloak)
rCorr    +         Rampage  .   n - +1 pair of gloves
Will     .....                  (no boots)
Stlth    ++........             g - amulet of magic regeneration
HPRegen  0.13/turn              u - ring of resist corrosion
MPRegen  0.36/turn              (no ring)

@: no status effects
A: small, mutation resistance 1, cowardly
a: Renounce Religion


You escaped.
You worshipped Ru.
Ru was aware of your devotion.
You visited 1 branch of the dungeon, and saw 4 of its levels.

You collected 161 gold pieces.

Inventory:

Hand Weapons
 a - a +0 short sword
 o - a +1 dagger of freezing (weapon)
Missiles
 e - 7 boomerangs of dispersal (quivered)
 f - 204 stones
 k - 10 boomerangs
Armour
 b - a +0 leather armour (worn)
 n - a +1 pair of gloves (worn)
 v - a +0 helmet (worn)
Jewellery
 g - an amulet of magic regeneration (around neck)
 j - an uncursed amulet of faith
 u - a ring of resist corrosion (left hand)
Scrolls
 d - 2 scrolls of blinking
 h - a scroll of magic mapping {unknown}
Potions
 c - 3 potions of curing
 i - a potion of lignification {unknown}
 l - 2 potions of haste {unknown}
 m - a potion of brilliance {unknown}
 q - a potion of berserk rage {unknown}
 t - a potion of attraction {unknown}


   Skills:
 - Level 2.0 Fighting
 * Level 4.1 Short Blades
 - Level 1.0 Throwing
 + Level 2.3 Armour
 + Level 2.9 Dodging
 * Level 3.2 Stealth
 - Level 2.0 Spellcasting
 + Level 3.9 Translocations


You had 7 spell levels left.
You knew the following spells:

 Your Spells              Type           Power        Failure   Level
a - Blink                 Tloc           N/A          11%         2

Your spell library contained the following spells:

 Spells                   Type           Power        Failure   Level
 Gell's Gravitas          Tloc           4%           22%         3
 Lesser Beckoning         Tloc           4%           22%         3
 Teleport Other           Tloc           9%           22%         3
 Passage of Golubria      Tloc           N/A          58%         4


Dungeon Overview and Level Annotations

Branches:
Dungeon (4/15)
 Temple: D:4-7

Altars:
Dithmenos
Ru
Wu Jian
Zin
The Shining One


Innate Abilities, Weirdness & Mutations

You are small and have problems with some larger weapons.
You are somewhat resistant to further mutation.
Your cowardice makes you less effective in combat with threatening monsters.


Message History

Where to? (Enter - D:3, ? - help)
What level of the Dungeon? (default 1, ? - help)
You see here a quokka skeleton.
There is a stone staircase leading up here.
You climb upwards.
There is a stone staircase leading down here.
You see here a poisoned dart.
You see here a robe.
There is a stone staircase leading up here.
There is a stone staircase leading up here.
You climb upwards.
There is a stone staircase leading down here.
There is a stone staircase leading up here.
You climb upwards.
There is a stone staircase leading down here.
There is an open door here.
There is an open door here.
There is a staircase leading out of the dungeon here.
Are you sure you want to leave the Dungeon?
This will make you lose the game!
You have escaped!

.........#
#########....
.........#
#............
.#########
#............ .#
#.........### .#
#.........# .#
#.........# .#
######..### ##
#################.#
#...#.@.#...#...#.#
#...#...#...#...#.#
##'###'###'###'##.#
#...............#.#
#......##.......'.#
#...............###
##'###'###'###'##
#...#...#...#...#
#...#...#..≈#P..#


There were no monsters in sight!

Vanquished Creatures
  A hound (D:4)
  An orc priest (D:4)
  An orc wizard (D:2)
  3 adders
  A dart slug (D:3)
  4 leopard geckos
  17 orcs
  9 giant cockroaches
  7 hobgoblins
  5 jackals
  3 quokkas
  3 ball pythons
  3 bats (D:1)
  4 frilled lizards
  3 goblins
  6 kobolds
  7 rats
78 creatures vanquished.

Vanquished Creatures (others)
  5 fungi (D:1)
5 creatures vanquished.

Grand Total: 83 creatures vanquished

Notes
Turn   | Place    | Note
-------+----------+-------------------------------------------
     0 | D:1      | Tirrikindir the Halfling Warper began the quest for the
                  | Orb.
     0 | D:1      | Reached XP level 1. HP: 14/14 MP: 3/3
   162 | D:1      | Reached XP level 2. HP: 19/19 MP: 4/4
   221 | D:1      | Learned a level 2 spell: Blink
   674 | D:1      | Reached skill level 1 in Stealth
   723 | D:1      | Reached XP level 3. HP: 21/24 MP: 5/5
  1417 | D:2      | Reached skill level 3 in Short Blades
  1550 | D:2      | Reached XP level 4. HP: 28/29 MP: 6/6
  1564 | D:2      | Found a glowing golden altar of the Shining One.
  2096 | D:2      | Found a sacrificial altar of Ru.
  2177 | D:2      | Found a faded altar of an unknown god.
  2184 | D:2      | Became a worshipper of Ru the Awakened
  2188 | D:2      | Gained mutation: Your cowardice makes you less effective in
                  | combat with threatening monsters. [Ru sacrifice]
  2188 | D:2      | Reached * piety under Ru
  2239 | D:2      | Found a shadowy altar of Dithmenos.
  2386 | D:3      | Reached XP level 5. HP: 34/34 MP: 7/7
  2390 | D:3      | Found an ornate altar of the Wu Jian Council.
  2907 | D:3      | Found a glowing silver altar of Zin.
  3255 | D:4      | Reached skill level 4 in Short Blades
  3287 | D:4      | Reached XP level 6. HP: 26/39 MP: 9/9
  3349 | D:4      | Noticed an ogre
  3620 | D:$      | Got out of the dungeon alive.

Illustrated notes

Levels and vault maps discovered:
D:1:      dpeg_arrival_prison, layout_basic
D:2:      layout_basic, tso_metal_star, nicolae_ru_path_of_blood,
          chequers_ecumenical_altar_simple, nicolae_dithmenos_shadow_blocks
D:3:      layout_rooms, nzn_wu_jian_contemplation, zin_academy,
          minmay_misc_feat_columns
D:4:      layout_loops_ring, serial_shops, shop, uniq_sigmund

Skill      XL: |  1  2  3  4  5 |
---------------+----------------+-----
Stealth        | 1 2 3 |  3.2
Short Blades   | 3 4 |  4.1
Fighting       | 2 |  2.0
Armour         | 2 |  2.3
Spellcasting   | 2 |  2.0
Throwing       | |  1.0
Dodging        | |  2.9
Translocations | |  3.9

Action                   |  1- 3 |  4- 6 || total
-------------------------+-------+-------++-------
Melee: Short sword       |   126 |    33 ||   159
       Dagger            |       |   179 ||   179
Throw: Boomerang         |       |     3 ||     3
Invok: Sacrifice Courage |       |     1 ||     1
  Use: Scroll            |     3 |     4 ||     7
       Potion            |     1 |       ||     1
 Stab: Sleeping          |     1 |     3 ||     4
Armor: Leather armour    |    18 |    29 ||    47
Dodge: Dodged            |    92 |   124 ||   216
